 Dungeon Crawl Stone Soup version 0.19.5 (webtiles) character file.

121 QuCean the Skirmisher (level 4, -6/42 HPs)
             Began as a Minotaur Berserker on May 3, 2017.
             Was a Follower of Trog.
             Killed from afar by an orc wizard (7 damage)
             ... with a magic dart
             ... on level 6 of the Dungeon.
             The game lasted 00:05:05 (816 turns).

QuCean the Skirmisher (Minotaur Berserker)           Turns: 816, Time: 00:05:06

Health: -6/42      AC:  5    Str: 22    XL:     4   Next: 77%
Magic:  3/3        EV: 12    Int:  4    God:    Trog [*.....]
Gold:   90         SH:  0    Dex: 10    Spells: 0 memorised, 3 levels left

rFire  . . .     SeeInvis .     a - +0 mace
rCold  . . .     Gourm    .     d - +0 ring mail
rNeg   . . .     Faith    .     (no shield)
rPois  .         Spirit   .     (helmet restricted)
rElec  .         Reflect  .     (no cloak)
rCorr  .         Harm     .     (no gloves)
MR     .....                    (no boots)
Stlth  ..........               (no amulet)
                                (no ring)
                                (no ring)

@: exhausted, slowed, very slow
A: retaliatory headbutt, horns 2
a: Berserk, Burn Spellbooks, Renounce Religion


You were on level 6 of the Dungeon.
You worshipped Trog.
Trog was aware of your devotion.
You were hungry.

You visited 1 branch of the dungeon, and saw 5 of its levels.

You collected 90 gold pieces.

Inventory:

Hand Weapons
 a - a +0 mace (weapon)
Armour
 b - a +0 animal skin
 d - a +0 ring mail (worn)
Wands
 h - a wand of flame (18/48)
Scrolls
 g - a scroll of magic mapping {unknown}
Potions
 e - 2 potions of curing {unknown}
Comestibles
 c - 2 bread rations


   Skills:
 + Level 5.1 Fighting
 + Level 4.7 Maces & Flails
 + Level 3.0 Armour
 + Level 2.9 Dodging


You had 3 spell levels left.
You didn't know any spells.

Dungeon Overview and Level Annotations

Branches:
Dungeon (6/15)
 Temple: D:4-7

Altars:


Innate Abilities, Weirdness & Mutations

You reflexively headbutt those who attack you in melee.
You have a pair of horns on your head.


Message History

The orc wizard blinks!
Things that are here:
a hand axe; a leather armour All of the chunks of flesh in your inventory have rotted away.
The orc wizard casts a spell.
The orc wizard blinks!
Items here: )) [ † a club; a mace; a ring mail; an orc corpse The orc wizard mumbles some strange words.
The orc wizard seems to speed up.
The orc wizard gestures at you while chanting.
The magic dart hits you!
* * * LOW HITPOINT WARNING * * *
The orc wizard hits you with a dagger.
* * * LOW HITPOINT WARNING * * *
You closely miss the orc wizard. Your headbutt misses the orc wizard.
The orc wizard is almost dead.
The orc wizard casts a spell at you. The magic dart hits you!
You die...

### #.. # ### #.# #
###.#####.##.# .##
.......#)...##### #.#
#..o@.).)...# #.#
#.##....###.###.# #
##.##.##.....# #.#
#.###.#.# #.#
#...##.## ##'##
####...#### ##...##
###....... ##.....##
#.......## #
##.......###........#


You could see an orc wizard.

Vanquished Creatures
  An orc warrior (D:6)
  An adder (D:3)
  A dart slug (D:2)
  4 orcs (D:6)
  A giant cockroach (D:3)
  2 hobgoblins (D:1)
  A kobold (D:1)
  A bat (D:1)
  2 frilled lizards
  4 goblins
  2 rats (D:2)
20 creatures vanquished.

Notes
Turn   | Place    | Note
-------+----------+-------------------------------------------
     0 | D:1      | QuCean the Minotaur Berserker began the quest for the Orb.
     0 | D:1      | Reached XP level 1. HP: 19/19 MP: 0/0
   326 | D:1      | Reached XP level 2. HP: 27/27 MP: 1/1
   350 | D:1      | Reached skill level 4 in Fighting
   670 | D:3      | You fall through a shaft for 2 floors!
   670 | D:5      | Entered Level 5 of the Dungeon
   784 | D:6      | Reached XP level 3. HP: 32/34 MP: 2/2
   789 | D:6      | Noticed an orc warrior
   801 | D:6      | Killed an orc warrior
   801 | D:6      | Reached skill level 5 in Fighting
   801 | D:6      | Reached XP level 4. HP: 12/42 MP: 3/3
   815 | D:6      | HP: 2/42 [orc wizard/magic dart (10)]
   816 | D:6      | Killed from afar by an orc wizard

Skill      XL: |  1  2  3 |
---------------+----------+-----
Fighting       | 4 5 |  5.1
Maces & Flails | 4 |  4.7
Armour         | 3 |  3.0
Dodging        | |  2.9

Action                   |  1- 3 |  4- 6 || total
-------------------------+-------+-------++-------
Melee: Mace              |    38 |     3 ||    41
       Headbutt          |     5 |       ||     5
Invok: Berserk           |     1 |       ||     1
  Use: Scroll            |     1 |       ||     1
Armor: Animal skin       |     7 |       ||     7
       Ring mail         |     6 |     1 ||     7
Dodge: Dodged            |    22 |     1 ||    23
